 Dungeon Crawl Stone Soup version 0.28-a0-620-g539b0f7ac7 (webtiles) character file.

Game seed: 4247300490543112590

56 SkeletonJelly the Slasher (level 3, 0/23 HPs)
             Began as a Tengu Fighter on Oct 6, 2021.
             Killed from afar by a dart slug (4 damage)
             ... with a slug dart
             ... on level 3 of the Dungeon.
             The game lasted 00:02:51 (2361 turns).

SkeletonJelly the Slasher (Tengu Fighter)           Turns: 2361, Time: 00:02:52

Health: 0/23       AC:  9    Str: 23    XL:     3   Next: 97%
Magic:  4/4        EV:  9    Int:  8    God:
Gold:   85         SH:  5    Dex: 13    Spells: 2/2 levels left

rFire   . . .      SeeInvis .   a - +0 long sword
rCold   . . .      Faith    .   c - +0 buckler
rNeg    . . .      Spirit   .   b - +0 scale mail
rPois   .          Reflect  .   (helmet restricted)
rElec   .          Harm     .   g - +1 cloak
rCorr   .          Rampage  .   (no gloves)
Will    .....                   (boots unavailable)
Stlth   ..........              (no amulet)
HPRegen 0.07/turn               l - +6 ring of strength
MPRegen 0.09/turn               (no ring)

@: no status effects
A: beak, talons 3
a: no special abilities


You were on level 3 of the Dungeon.
You visited 1 branch of the dungeon, and saw 3 of its levels.

You collected 85 gold pieces.

Inventory:

Hand Weapons
 a - a +0 long sword (weapon)
Missiles
 k - 6 poisoned darts (quivered)
Armour
 b - a +0 scale mail (worn)
 c - a +0 buckler (worn)
 g - a +1 cloak (worn)
 h - a +0 tower shield
Jewellery
 l - a +6 ring of strength (left hand)
 m - an amulet of faith
Scrolls
 f - 2 scrolls of teleportation {unknown}
Potions
 d - 2 potions of might
 e - 2 potions of degeneration {unknown}
 i - a potion of flight {unknown}
 j - a potion of curing {unknown}


   Skills:
 + Level 3.5 Fighting
 * Level 3.6 Long Blades
 - Level 3.2 Armour
 + Level 3.4 Shields


You had 2 spell levels left.
You didn't know any spells.
Your spell library contained the following spells:

 Spells                   Type           Power      Damage    Failure   Level
 Shock                    Conj/Air       0%         1d3       75%         1
 Swiftness                Air            0%         N/A       98%         3
 Airstrike                Air            0%         N/A       100%        4


Dungeon Overview and Level Annotations

Branches:
Dungeon (3/15)

Altars:


Innate Abilities, Weirdness & Mutations

You have a beak for a mouth.
You have claws for feet.


Message History

No target in view!
No target in view!
No target in view!
You open the door.
There is an open door here.
You open the door.
There is an open door here.
Key pressed, stopping explore.
Found 16 stones.
Key pressed, stopping explore.
There is a stone staircase leading down here.
Key pressed, stopping explore.
There is an open door here.
Key pressed, stopping explore.
Key pressed, stopping explore.
Key pressed, stopping explore.
Key pressed, stopping explore.
You open the door.
There is an open door here.
You open the door.
There is an open door here.
Partly explored, can't reach some places.
Partly explored, can't reach some places.
Partly explored, can't reach some places.
Partly explored, can't reach some places.
Partly explored, can't reach some places.
Partly explored, can't reach some places.
Partly explored, can't reach some places.
You see here 6 poisoned darts.
k - 6 poisoned darts Partly explored, can't reach some places.
Partly explored, can't reach some places.
Partly explored, can't reach some places.
Partly explored, can't reach some places.
Partly explored, can't reach some places.
Search for what [Enter for "."]? .
There is a stone staircase leading down here.
You climb downwards.
Found five items.
Found two stone staircases leading up.
There is a stone staircase leading up here.
There are monsters nearby!
There are monsters nearby!
The dart slug launches a dart at you.
The slug dart hits you but does no damage.
You see here 18 gold pieces.
You now have 85 gold pieces (gained 18).
The dart slug launches a dart at you. The slug dart hits you.
You take 1 damage, and have 22/23 hp. 2 dart slugs come into view.
The dart slug launches a dart at you. The slug dart hits you.
You see here a +6 ring of strength.
You take 2 damage, and have 20/23 hp.
l - a +6 ring of strength The dart slug launches a dart at you.
The slug dart hits you.
You take 1 damage, and have 19/23 hp.
You see here an amulet of faith.
m - an amulet of faith
There is a stone staircase leading up here.
You climb upwards.
There is a stone staircase leading down here.
You feel stronger.
l - a +6 ring of strength (left hand)
You climb downwards.
The dart slug launches a dart at you. The slug dart hits you.
The dart slug launches a dart at you.
The slug dart hits you but does no damage.
There is a stone staircase leading up here.
You take 4 damage, and have 15/23 hp.
The dart slug launches a dart at you. The slug dart hits you.
You take 2 damage, and have 13/23 hp.
Why would you want to do that?
You enter the shallow water.
Moving in this stuff is going to be slow.
The dart slug launches a dart at you. The slug dart hits you.
The dart slug launches a dart at you. The slug dart misses you.
You take 4 damage, and have 9/23 hp.
As you open the door, it creaks loudly!
You hear an angry hiss.
An adder comes into view.
Found 5 silver javelins.
There is an open door here.
There is an open door here.
The dart slug launches a dart at you.
The slug dart hits you but does no damage.
The dart slug launches a dart at you.
The slug dart hits you but does no damage.
You closely miss the adder. The adder bites you. The adder barely misses you.
You take 3 damage, and have 7/23 hp.
Your scale mail prevents you from hitting the adder.
Your kick misses the adder. The adder bites you.
* * * LOW HITPOINT WARNING * * *
The dart slug launches a dart at you. The slug dart hits you.
You die...

≈≈#≈w≈≈..:≈≈#≈≈≈
≈≈≈≈≈≈≈≈.≈≈≈≈#≈≈
#≈≈≈≈≈≈..≈≈#≈≈≈≈
###.≈≈≈≈≈.<.≈≈≈≈≈.
##+###..#w≈≈≈≈w.≈≈≈≈w≈#
.......w##≈≈w≈≈≈#≈≈≈≈##
........###.≈≈≈≈#≈≈.##
....(..w##.##≈≈.≈≈#..#
........S@..##..##.....
........###......+.....
........# ######## ...
........# . ........#
#########


You could see an adder and 3 dart slugs.

Vanquished Creatures
  2 dart slugs
  3 endoplasms
  3 giant cockroaches
  4 goblins (D:1)
  8 hobgoblins
  4 kobolds (D:1)
  6 ball pythons
  9 bats
  5 frilled lizards
  3 rats
47 creatures vanquished.

Vanquished Creatures (others)
  A plant (D:2)
1 creature vanquished.

Grand Total: 48 creatures vanquished

Notes
Turn   | Place    | Note
-------+----------+-------------------------------------------
     0 | D:1      | SkeletonJelly the Tengu Fighter began the quest for the
                  | Orb.
     0 | D:1      | Reached XP level 1. HP: 14/14 MP: 2/2
   146 | D:1      | Reached XP level 2. HP: 19/19 MP: 3/3
   810 | D:1      | Reached XP level 3. HP: 21/23 MP: 4/4
  1567 | D:2      | Found a faded altar of an unknown god.
  2361 | D:3      | Killed from afar by a dart slug

Illustrated notes

Levels and vault maps discovered:
D:1:      dpeg_arrival_radiant, layout_basic, solitary_fountain, minivault_25
D:2:      minmay_wonky_spiral, layout_loops_corners,
          shapermc_ecumenical_altar_gd
D:3:      kennysheep_slugbush, layout_basic, minmay_surrounded

Skill      XL: |  1  2 |
---------------+-------+-----
Long Blades    | 3 |  3.6
Fighting       | |  3.5
Armour         | |  3.2
Shields        | |  3.4

Action                   || total
-------------------------++-------
Melee: Long sword        ||   108
       Kick              ||    18
       Peck              ||    10
Armor: Scale mail        ||    55
Dodge: Dodged            ||    55
Block: Buckler           ||    19

Table legend: (Time is in decaauts)
 A = Elapsed time spent in this place.
 B = Non-inter-level travel time spent in this place.
 C = Inter-level travel time spent in this place.
 D = Time resting spent in this place.
 E = Time spent auto-exploring this place.
 F = Levels seen in this place.
 G = Mean time per level.
                   A        B        C        D        E       F      G
               +--------+--------+--------+--------+--------+-----+--------+
         Total |   2390 |   2256 |    134 |      0 |   1944 |   3 |  796.7 |
       Dungeon |   2390 |   2256 |    134 |      0 |   1944 |   3 |  796.7 |
               +--------+--------+--------+--------+--------+-----+--------+

Top non-repeatable levels by time:
     D:1: 1459 daAuts
     D:2: 902 daAuts
     D:3: 29 daAuts
